 Dungeon Crawl Stone Soup version 0.24-a0-615-g751f86b5a9 (webtiles) character file.

Game seed: 6358327064255234711, levelgen mode: deterministic

10 Gynju the Sneak (level 2, -3/19 HPs)
             Began as a Vampire Enchanter on Sept 13, 2019.
             Killed from afar by a dart slug (7 damage)
             ... with a slug dart
             ... on level 1 of the Dungeon.
             The game lasted 00:00:41 (153 turns).

Gynju the Sneak (Vampire Enchanter)                  Turns: 153, Time: 00:00:42

Health: -3/19      AC:  3    Str:  7    XL:     2   Next: 10%
Magic:  4/5        EV: 12    Int: 17    God:
Gold:   21         SH:  0    Dex: 14    Spells: 4/5 levels left

rFire    . . .     SeeInvis +   a - +1 dagger
rCold    . . .     Gourm    .   (no shield)
rNeg     . . .     Faith    .   b - +0 robe
rPois    .         Spirit   .   (no helmet)
rElec    .         Reflect  .   c - +0 cloak
rCorr    .         Harm     .   (no gloves)
MR       .....                  (no boots)
Stlth    +++.......             (no amulet)
HPRegen  0.26/turn              (no ring)
MPRegen  0.09/turn              (no ring)

@: regenerating quickly
A: no food, fangs 3, see invisible, unbreathing
a: Exsanguinate


You were on level 1 of the Dungeon.
You were alive.

You visited 1 branch of the dungeon, and saw 1 of its levels.

You collected 21 gold pieces.

Inventory:

Hand Weapons
 a - a +1 dagger (weapon)
Armour
 b - a +0 robe (worn)
 c - a +0 cloak (worn)
Scrolls
 d - a scroll of fog {unknown}
 e - a scroll of remove curse {unknown}
Potions
 f - 2 potions of curing {unknown}


   Skills:
 - Level 1.1 Short Blades
 - Level 2.1 Dodging
 + Level 4.8 Stealth
 + Level 2.2 Spellcasting
 + Level 4.7 Hexes


You had 4 spell levels left.
You knew the following spells:

 Your Spells              Type           Power        Failure   Level  Hunger
a - Corona                Hex            ###....      2%          1    N/A

Your spell library contained the following spells:

 Spells                   Type           Power        Failure   Level  Hunger
 Confuse                  Hex            ###.....     9%          3    N/A
 Tukima's Dance           Hex            ###.....     9%          3    N/A
 Ensorcelled Hibernation  Hex/Ice        #.....       11%         2    N/A
 Dazzling Spray           Conj/Hex       #.....       22%         3    N/A

Dungeon Overview and Level Annotations

Branches:
Dungeon (1/15)

Altars:


Innate Abilities, Weirdness & Mutations

You do not eat.
Your natural rate of healing is unusually fast.
You have razor-sharp teeth.
You have supernaturally acute eyesight. (SInv)
You can survive without breathing.


Message History

The kobold closely misses you.
You see here a +0 club.
You closely miss the kobold. The kobold hits you with a +0 dagger.
* * * LOW HITPOINT WARNING * * *
The kobold hits you.
* * * LOW HITPOINT WARNING * * *
You hit the kobold.
The kobold is moderately wounded.
The kobold barely misses you. The kobold closely misses you.
You hit the kobold.
The kobold is severely wounded.
The kobold barely misses you. The kobold hits you.
* * * LOW HITPOINT WARNING * * *
There is an open door here.
Unknown command.
There is a staircase leading out of the dungeon here.
There is an open door here.
The dart slug launches a dart at you. The slug dart hits you!
You die...

.##### ..#....
.........#########......
.............##..........
#.........................
#..........(...........#..
#.........................
#......................#..
....w.......†....>.....#
........@..†........).#
###....###...........##. #
##%..K##.##)............
#.#....K#...#..#.....#.#..
#...#...'.<.'..#####.#..##
#......(#...#..#####.#....
#......(##.##.............
#........###...#####.####.
...............# #.# .


You could see a dart slug and 2 kobolds.

Vanquished Creatures
  A dart slug (D:1)
  2 hobgoblins (D:1)
  2 jackals (D:1)
  A kobold (D:1)
  2 rats (D:1)
8 creatures vanquished.

Notes
Turn   | Place    | Note
-------+----------+-------------------------------------------
     0 | D:1      | Gynju the Vampire Enchanter began the quest for the Orb.
     0 | D:1      | Reached XP level 1. HP: 13/13 MP: 3/3
   114 | D:1      | Reached XP level 2. HP: 17/19 MP: 5/5
   153 | D:1      | Killed from afar by a dart slug

Levels and vault maps discovered:
D:1:      dpeg_arrival_shelter, layout_rooms, chequers_mini_garden

Action                   || total
-------------------------++-------
Melee: Dagger            ||    38
       Bite              ||     4
 Cast: Corona            ||     4
 Stab: Sleeping          ||     1
Armor: Robe              ||     4
Dodge: Dodged            ||    39

Table legend:
 A = Non-vault XP
 B = Vault XP
 C = Vault XP percentage of total XP
 D = Non-vault monster count
 E = Vault monster count
 F = Vault count percentage of total count
                 A         B        C        D         E       F
            +---------+---------+-------+---------+---------+-------
      Total |      15 |       0 |   0.0 |       8 |       0 |   0.0
            +---------+---------+-------+---------+---------+-------
        D:1 |      15 |       0 |   0.0 |       8 |       0 |   0.0
            +---------+---------+-------+---------+---------+-------
